 Dungeon Crawl Stone Soup version 0.21.0-24-g2553a33 (webtiles) character file.

261 Monsterracer the Ruffian (level 6, -11/45 HPs)
             Began as a Ghoul Earth Elementalist on Jan 21, 2018.
             Was an Initiate of Okawaru.
             Mangled by an ogre
             ... wielding a +0 giant club
              (16 damage)
             ... on level 6 of the Dungeon.
             The game lasted 00:05:55 (3903 turns).

Monsterracer the Ruffian (Ghoul Earth Elementalist) Turns: 3903, Time: 00:05:56

Health: -11/45     AC:  5    Str: 11 (14) XL:     6   Next: 18%
Magic:  7/7        EV: 10    Int:  7 (10) God:    Okawaru [......]
Gold:   205        SH:  0    Dex:  8 (9)  Spells: 7/8 levels left

rFire    . . .     SeeInvis .     - Unarmed
rCold    + . .     Gourm    .   (no shield)
rNeg     + + +     Faith    .   m - +0 ring mail
rPois    ∞         Spirit   .   (no helmet)
rElec    .         Reflect  .   (no cloak)
rCorr    .         Harm     .   (no gloves)
MR       .....                  (no boots)
Stlth    +.........             (no amulet)
HPRegen  0.00/turn              (no ring)
MPRegen  0.10/turn              (no ring)

@: very slightly contaminated, rotting, drained, invisible
A: rotting body, claws 1, carnivore, cold resistance 1, negative energy
resistance 3, inhibited regeneration, torment resistance, unbreathing
a: Renounce Religion


You were on level 6 of the Dungeon.
You worshipped Okawaru.
Okawaru was noncommittal.
You were not hungry.

You visited 1 branch of the dungeon, and saw 4 of its levels.

You collected 205 gold pieces.

Inventory:

Missiles
 b - 108 stones (quivered)
Armour
 m - a +0 ring mail (worn)
Scrolls
 e - 3 scrolls of identify {unknown}
 f - 3 scrolls of remove curse {unknown}
 g - a scroll of blinking {unknown}
 i - 3 scrolls of teleportation {unknown}
 k - a scroll of immolation {unknown}
 n - 2 scrolls of enchant armour {unknown}
Potions
 a - a potion of curing
 j - a potion of heal wounds
 l - a potion of degeneration
Books
 o - a book of Necromancy

   Spells                             Type                      Level
   a - Pain                           Necromancy                   1
   b - Animate Skeleton               Necromancy                   1
   c - Vampiric Draining              Necromancy                   3
   d - Regeneration                   Charms/Necromancy            3
   e - Animate Dead                   Necromancy                   4
   f - Borgnjor's Vile Clutch         Necromancy/Earth             5
Comestibles
 c - 4 rations


   Skills:
 + Level 0.0 Fighting
 + Level 0.0 Armour
 + Level 1.7(1.4) Dodging
 - Level 2.1(1.8) Stealth
 * Level 6.4(6.0) Unarmed Combat
 - Level 1.7(1.4) Spellcasting
   Level 0.8(0.5) Transmutations
 - Level 3.2(2.9) Earth Magic
 + Level 0.0 Invocations


You had 7 spell levels left.
You knew the following spells:

 Your Spells              Type           Power        Failure   Level  Hunger
a - Sandblast             Erth           #.....       30%         1    ##.....


Dungeon Overview and Level Annotations

Branches:
Dungeon (3/15)

Altars:
Dithmenos
Okawaru
Ru
Trog
Wu Jian


Innate Abilities, Weirdness & Mutations

Your body is rotting away.
You thrive on raw meat.
You are immune to poison.
You have sharp fingernails.
You are carnivorous and can eat meat at any time.
Your flesh is cold resistant. (rC+)
You are immune to negative energy. (rN+++)
You do not regenerate when monsters are visible.
You are immune to unholy pain and torment.
You can survive without breathing.


Message History

* * * LOW HITPOINT WARNING * * *
You take 9 damage, and have 19/38 hp.
MASSIVE DAMAGE!!
You scratch the ice beast.
The ice beast is lightly wounded.
The ice beast misses you.
You closely miss the ice beast.
The ice beast is lightly wounded.
The ice beast barely misses you.
You barely miss the ice beast.
The ice beast is lightly wounded.
The ice beast barely misses you.
You barely miss the ice beast.
The ice beast is lightly wounded.
The ice beast barely misses you.
You catch the helpless ice beast completely off-guard!
You scratch the ice beast but do no damage.
The ice beast is lightly wounded.
The ice beast hits you but does no damage.
You scratch the ice beast but do no damage.
The ice beast is lightly wounded.
You claw the ice beast!
The ice beast is moderately wounded.
The ice beast misses you.
You closely miss the ice beast.
The ice beast is moderately wounded.
The ice beast barely misses you.
You scratch the ice beast.
The ice beast is heavily wounded.
The ice beast completely misses you.
You barely miss the ice beast.
The ice beast is heavily wounded.
The ice beast hits you but does no damage.
You closely miss the ice beast.
The ice beast is heavily wounded.
The ice beast hits you but does no damage.
You scratch the ice beast.
The ice beast is severely wounded.
The ice beast closely misses you.
You barely miss the ice beast.
The ice beast is severely wounded.
The ice beast barely misses you.
You scratch the ice beast.
The ice beast is severely wounded.
The ice beast misses you.
You completely miss the ice beast.
The ice beast is severely wounded.
The ice beast closely misses you.
You barely miss the ice beast.
The ice beast is severely wounded.
The ice beast hits you.
* * * LOW HITPOINT WARNING * * *
The ice beast freezes you. You resist.
* * * LOW HITPOINT WARNING * * *
You take 6 damage, and have 13/38 hp.
You scratch the ice beast.
The ice beast is almost dead.
You catch the helpless ice beast completely off-guard!
You scratch the ice beast.
You kill the ice beast!
Okawaru is honoured by your kill.
You feel your dexterity returning.
Base training target 6.0 for Unarmed Combat reached!
Your Unarmed Combat skill increases to level 6!
You need to enable at least one skill for training.
You have reached level 6!
Your experience leads to an increase in your attributes!
Your base attributes are Str 13, Int 10, Dex 9.
Increase (S)trength, (I)ntelligence, or (D)exterity?
You feel stronger.
You regained 3 hp, and now have 16/45 hp.
MP restored: 7 You scratch the ogre.
The ogre is lightly wounded.
You claw the ogre!
The ogre is heavily wounded.
The ogre barely misses you.
You scratch the ogre.
The ogre is severely wounded.
The ogre hits you with a giant club!
* * * LOW HITPOINT WARNING * * *
You take 11 damage, and have 5/45 hp.
MASSIVE DAMAGE!!
You scratch the ogre but do no damage.
The ogre is severely wounded.
You catch the helpless ogre completely off-guard!
You scratch the ogre but do no damage.
The ogre is severely wounded.
The ogre completely misses you.
You completely miss the ogre.
The ogre is severely wounded.
The ogre misses you.
You scratch the ogre.
The ogre is severely wounded.
The ogre closely misses you.
You barely miss the ogre.
The ogre is severely wounded.
You catch the helpless ogre completely off-guard!
You scratch the ogre.
The ogre is severely wounded.
The ogre hits you with a giant club!
You die...

#.##.##
#.#...###.#
#.........#
###...###.#
##.####.###
#.#...!...
#.#.#..####
#..........
###@#..###
#O# #
#....#
#.#.##
#.#.# ... #
#$# #.# #..


You could see an ogre.

Vanquished Creatures
  An ice beast (D:6)
  A hound (D:6)
  A worker ant (D:6)
  4 adders
  2 oozes (D:1)
  3 worms
  A dart slug (D:2)
  A leopard gecko (D:2)
  9 bats
  2 giant cockroaches
  5 goblins
  8 hobgoblins
  4 jackals (D:3)
  2 quokkas (D:3)
  5 frilled lizards
  7 kobolds
  9 rats
65 creatures vanquished.

Notes
Turn   | Place    | Note
-------+----------+-------------------------------------------
     0 | D:1      | Monsterracer the Ghoul Earth Elementalist began the quest for the Orb.
     0 | D:1      | Reached XP level 1. HP: 14/14 MP: 2/2
   148 | D:1      | Reached skill level 1 in Unarmed Combat
   222 | D:1      | Reached XP level 2. HP: 19/20 MP: 1/3
   326 | D:1      | Reached skill level 2 in Unarmed Combat
  1015 | D:2      | Reached XP level 3. HP: 26/26 MP: 2/4
  1050 | D:2      | HP: 13/26 [worm (1)]
  1051 | D:2      | Reached skill level 3 in Unarmed Combat
  1455 | D:2      | Reached XP level 4. HP: 25/33 MP: 1/5
  1640 | D:2      | Reached skill level 4 in Unarmed Combat
  2074 | D:3      | Found a bloodstained altar of Trog.
  2076 | D:3      | Found an ornate altar of the Wu Jian Council.
  2098 | D:3      | HP: 8/33 [worm (9)]
  2114 | D:3      | Found a sacrificial altar of Ru.
  2122 | D:3      | Became a worshipper of Ru the Awakened
  2244 | D:3      | HP: 8/33 [worm (9)]
  2529 | D:3      | Found a shadowy altar of Dithmenos.
  2676 | D:3      | Reached XP level 5. HP: 37/38 MP: 6/6
  2862 | D:3      | You fall through a shaft for 3 floors!
  2862 | D:6      | Found an iron altar of Okawaru.
  2865 | D:6      | Fell from the grace of Ru
  2865 | D:6      | Became a worshipper of Warmaster Okawaru
  3506 | D:6      | Reached skill level 5 in Unarmed Combat
  3628 | D:6      | HP: 19/38 [worker ant (4)]
  3633 | D:6      | HP: 10/38 [worker ant (3)]
  3635 | D:6      | HP: 4/38 [worker ant (1)]
  3809 | D:6      | Noticed an orc warrior
  3866 | D:6      | Noticed an ice beast
  3868 | D:6      | Noticed an ogre
  3876 | D:6      | HP: 19/38 [ice beast (6)]
  3892 | D:6      | HP: 16/38 [ice beast (3)]
  3894 | D:6      | Killed an ice beast
  3894 | D:6      | Reached skill level 6 in Unarmed Combat
  3894 | D:6      | Reached XP level 6. HP: 16/45 MP: 7/7
  3897 | D:6      | HP: 5/45 [ogre/giant club (11)]
  3903 | D:6      | Mangled by an ogre

Skill      XL: |  1  2  3  4  5 |
---------------+----------------+-----
Unarmed Combat | 1 2 3 4 6 |  6.4
Dodging        | |  1.7
Stealth        | |  2.1
Spellcasting   | |  1.7
Transmutations | |  0.8
Earth Magic    | |  3.2

Action                   |  1- 3 |  4- 6 || total
-------------------------+-------+-------++-------
Melee: Unarmed           |    40 |   186 ||   226
       Punch             |       |     1 ||     1
 Cast: Sandblast         |    34 |     6 ||    40
  Use: Potion            |       |     4 ||     4
 Stab: Sleeping          |     1 |     1 ||     2
       Invisible         |       |     4 ||     4
  Eat: Chunk             |    10 |    14 ||    24
Armor: Robe              |     6 |     1 ||     7
       Ring mail         |       |    75 ||    75
Dodge: Dodged            |    29 |   103 ||   132

Vault maps used:
D:1:      giann_forest_graveyard, serial_bayou_crossing
D:2:      minmay_pentomino_o2
D:3:      grunt_temple_overflow_open, marbit_many_paths,
          minmay_misc_feat_encased, kennysheep_generic_room_12
D:6:      kennysheep_okawaru_gauntlet
